Map: 로스트 앤 파운드 - 래더

Players

LiquidTLO (TLO)

  • Race: Zerg Zerg
  • League: Grandmaster
  • Spawn Location: 7:00

Solar - Winner!

  • Race: Zerg Zerg
  • Spawn Location: 1:00

Event: HomeStory Cup XVII

VOD

Have the link to the VOD?

Description

Time

  • Played on: June 28, 2018, 8:11 p.m.
  • Length: 3:19

All games in this series

Show
View Real Time Build Order
Export as new Build Order

LiquidTLO Zerg 

Build Orders: 1 Base Baneling Bust, Pool Only 

Get SALT Encoding   

  12  0:00  Drone  
  13  0:22  Spawning Pool  
  13  0:26  Extractor  
  13  0:27  Drone  
  12  0:32  Drone  
  13  0:41  Overlord  
  13  1:08  Zergling x6  
  13  1:09  Queen  
  18  1:19  Zergling x2  
  19  1:30  Zergling x2  
  20  1:37  Metabolic Boost  
  20  1:43  Zergling x2  
  21  1:49  Baneling Nest  
  21  1:51  Zergling x2  
  21  2:04  Overlord  
  21  2:13  Zergling x2  
  22  2:21  Overlord  
  22  2:23  Zergling x2  
  22  2:25  Zergling x2  
  24  2:32  Zergling x2  
  24  2:35  Baneling x2  
  25  2:41  Zergling x2  
  26  2:44  Baneling  
  26  2:50  Zergling x2  
Show
View Real Time Build Order
Export as new Build Order

Solar Zerg - Winner!

Build Orders: Hatch First 

Get SALT Encoding   

  12  0:01  Drone  
  13  0:12  Overlord  
  13  0:17  Drone  
  14  0:31  Drone x2  
  16  0:36  Drone  
  17  0:52  Hatchery  
  17  0:54  Drone  
  17  0:58  Drone  
  17  1:03  Extractor  
  17  1:13  Spawning Pool  
  17  1:15  Drone  
  17  1:18  Drone  
  18  1:28  Drone  
  19  1:39  Drone  
  20  1:49  Overlord  
  20  2:00  Queen  
  22  2:04  Queen  
  22  2:05  Zergling x4  
  22  2:08  Spine Crawler  
  25  2:14  Zergling x2  
  26  2:20  Zergling x2  
  27  2:29  Zergling x2  
  27  2:38  Zergling x2  
  28  2:49  Zergling x2  
  27  2:54  Zergling x2  
  27  2:55  Zergling x2  
  29  3:00  Zergling x2  
  29  3:01  Zergling x2  
Tags
 
Add a new tag
Caveats
  • Supply blocks, unpowered buildings, or Contaminate may cause inaccurate times.
  • Supply counts are checked every 10 seconds.